 Dungeon Crawl Stone Soup version 0.29-a0-82-g837932c90e (webtiles) character file.

Game seed: 3408680085918468014

3 lordive the Insei (level 1, -1/17 HPs)
             Began as a Djinni Transmuter on Feb 4, 2022.
             Slain by a hobgoblin (3 damage)
             ... on level 1 of the Dungeon.
             The game lasted 00:00:25 (91 turns).

lordive the Insei (Djinni Transmuter)                 Turns: 91, Time: 00:00:26

Health: -1/17      AC:  2    Str:  9    XL:     1   Next: 55%
Gold:   0          EV: 12    Int: 14    God:
                   SH:  0    Dex: 13

rFire   + + .      SeeInvis .     - Unarmed
rCold   x . .      Faith    .   (no shield)
rNeg    . . .      Spirit   .   a - +0 robe
rPois   ∞          Reflect  .   (no helmet)
rElec   .          Harm     .   (no cloak)
rCorr   .          Rampage  .   (no gloves)
Will    .....                   (boots unavailable)
Stlth   +.........              (no amulet)
HPRegen 0.05/turn               (no ring)
MPRegen 0.00/turn               (no ring)

@: flying
A: sickness immunity, fire resistance 2, cold vulnerability 1, float, innate
caster, HP casting, extra vitality 1
a: no special abilities


You were on level 1 of the Dungeon.
You visited 1 branch of the dungeon, and saw 1 of its levels.

Inventory:

Armour
 a - a +0 robe (worn)


   Skills:
 + Level 1.0 Fighting
 + Level 2.1 Dodging
 + Level 3.2 Unarmed Combat
 + Level 1.5 Spellcasting


You couldn't memorise any spells.
You knew the following spells:

 Your Spells              Type           Power      Damage    Failure   Level
a - Beastly Appendage     Tmut           10%        N/A       13%         1
b - Wereblood             Tmut           5%         N/A       21%         2
c - Spider Form           Tmut/Pois      5%         N/A       36%         3
d - Ice Form              Ice/Tmut       5%         N/A       78%         4
Your spell library was empty.

Dungeon Overview and Level Annotations

Branches:
Dungeon (1/15)

Altars:


Innate Abilities, Weirdness & Mutations

You are immune to sickness and miasma.
You are immune to poison.
Your flesh is very heat resistant. (rF++)
You are vulnerable to cold. (rC-)
You float through the air rather than walking.
You learn spells naturally, not from books.
Your magical power is your life essence.
You have superior vitality. (+4 MHP)


Message History

You hit the quokka but do no damage.
The quokka is moderately wounded.
The quokka barely misses you.
You closely miss the quokka. Your headbutt misses the quokka.
The quokka is moderately wounded.
The quokka barely misses you. x2
You closely miss the quokka.
The quokka is moderately wounded.
The quokka bites you.
* * * LOW HITPOINT WARNING * * *
You closely miss the quokka. Your headbutt misses the quokka.
The quokka is moderately wounded.
The quokka bites you but does no damage.
You hit the quokka but do no damage. Your headbutt misses the quokka.
The quokka is moderately wounded.
The quokka misses you.
You hit the quokka but do no damage.
The quokka is moderately wounded.
The quokka barely misses you.
You barely miss the quokka.
The quokka is moderately wounded.
Your horns disappear.
The quokka closely misses you.
You hit the quokka.
The quokka is almost dead.
The quokka closely misses you.
You miss the quokka. Your punch misses the quokka.
The quokka is almost dead.
The quokka bites you.
* * * LOW HITPOINT WARNING * * *
The quokka closely misses you.
You hit the quokka.
You kill the quokka!
You hit the hobgoblin but do no damage. The hobgoblin hits you.
* * * LOW HITPOINT WARNING * * *
You barely miss the hobgoblin. The hobgoblin closely misses you.
You hit the hobgoblin.
The hobgoblin is moderately wounded.
The hobgoblin hits you.
You die...

#.........
#############.........
#.....................
#..........)..........
#..........##.........
#..........##.........
##..gS#######.........
#..#g# #.........
#..#@# #.....)...
#..#+# ##....[... #..
##......# ### ########


You could see a hobgoblin, a goblin and a ball python.

Vanquished Creatures
  A hobgoblin (D:1)
  A quokka (D:1)
  A goblin (D:1)
3 creatures vanquished.

Notes
Turn   | Place    | Note
-------+----------+-------------------------------------------
     0 | D:1      | lordive the Djinni Transmuter began the quest for the Orb.
     0 | D:1      | Reached XP level 1. HP: 17/17 MP: 0/0
    91 | D:1      | Slain by a hobgoblin

Illustrated notes

Levels and vault maps discovered:
D:1:      dpeg_arrival_tiny_c, layout_rooms, dreamdust_ecumenical_altar_statues,
          minmay_three_crescents

Action                   || total
-------------------------++-------
Melee: Unarmed           ||    22
       Headbutt          ||     1
 Cast: Beastly Appendage ||     3
Armor: Robe              ||     1
Dodge: Dodged            ||    20

Table legend: (Time is in decaauts)
 A = Elapsed time spent in this place.
 B = Non-inter-level travel time spent in this place.
 C = Inter-level travel time spent in this place.
 D = Time resting spent in this place.
 E = Time spent auto-exploring this place.
 F = Levels seen in this place.
 G = Mean time per level.
                   A        B        C        D        E       F      G
               +--------+--------+--------+--------+--------+-----+--------+
         Total |     89 |     89 |      0 |      0 |     42 |   1 |   89.0 |
       Dungeon |     89 |     89 |      0 |      0 |     42 |   1 |   89.0 |
               +--------+--------+--------+--------+--------+-----+--------+

Top non-repeatable levels by time:
     D:1: 89 daAuts
